AA CENTRAL
CORPUS CHRISTI HOOKS @ SPRINGFIELD CARDINALS
04/17/2042
 
TOP OF THE 1ST
Corpus Christi Hooks batting - Pitching for Springfield Cardinals : RHP Jon Whaley
Pitching: RHP Jon Whaley
Batting: RHB Dave King 0-0: Called Strike
0-1: Ball
1-1: Ball
2-1: Ball
3-1: Swinging Strike
3-2: Foul Ball, location: 7LSF
3-2: Base on Balls
Batting: RHB Jerry Herring 0-0: Grounds into double play, 6-4-3 (Groundball, 6, EV 96.9 MPH)
Batting: SHB Ismael Gonzáles 0-0: Ball
1-0: Foul Ball, location: 2F
1-1: Ground out U3 (Groundball, 3, EV 83.8 MPH)
Top of the 1st over - 0 runs, 0 hits, 0 errors, 0 left on base; Corpus Christi 0 - Springfield 0
BOTTOM OF THE 1ST
Springfield Cardinals batting - Pitching for Corpus Christi Hooks : RHP Mario Alaniz
Pitching: RHP Mario Alaniz
Batting: RHB Mende Dodwell 0-0: Ball
1-0: Swinging Strike
1-1: Swinging Strike
1-2: Foul Ball, location: 23FF
1-2: Ball
2-2: Foul Ball, location: 23F
2-2: Ball
3-2: Base on Balls
Batting: RHB Edwin Jackson 0-0: TRIPLE (Line Drive, 9LD, EV 103.1 MPH)
Mende Dodwell scores
Batting: SHB Bernardo Fernández 0-0: Ball
1-0: Foul Ball, location: 5F
1-1: Foul Ball, location: 9LMF
1-2: Strikes out swinging
Batting: RHB Josh Ellis 0-0: Foul Ball, location: 2F
0-1: Ball
1-1: Ball
2-1: Swinging Strike
2-2: Ball
3-2: Foul Ball, location: 5F
3-2: Ground out 6-3 (Groundball, 56, EV 84.4 MPH)
Edwin Jackson scores
Batting: RHB Ronnie Watson 0-0: Swinging Strike
0-1: Ball
1-1: Foul Ball, location: 2F
1-2: Ball
2-2: Ground out 1-3 (Groundball, 13S, EV 72.5 MPH)
Bottom of the 1st over - 2 runs, 1 hit, 0 errors, 0 left on base; Corpus Christi 0 - Springfield 2
TOP OF THE 2ND
Corpus Christi Hooks batting - Pitching for Springfield Cardinals : RHP Jon Whaley
Batting: RHB Jorge Guzmán 0-0: Ball
1-0: SINGLE (Flyball, 8RS, EV 90.0 MPH) - OUT at second base trying to stretch hit.
Batting: LHB Cliff Hammock 0-0: Called Strike
0-1: Ball
1-1: Foul Ball, location: 3FF
1-2: Strikes out swinging
Batting: RHB Tony Hernández 0-0: Called Strike
0-1: Ball
1-1: Foul Ball, location: 5F
1-2: Ball
2-2: Ball
3-2: Strikes out swinging
Top of the 2nd over - 0 runs, 1 hit, 0 errors, 0 left on base; Corpus Christi 0 - Springfield 2
BOTTOM OF THE 2ND
Springfield Cardinals batting - Pitching for Corpus Christi Hooks : RHP Mario Alaniz
Batting: LHB Jorge Martínez 0-0: Ball
1-0: Ball
2-0: Called Strike
2-1: Called Strike
2-2: Strikes out swinging
Batting: RHB Mike Lee 0-0: Ground out 1-3 (Groundball, P, EV 67.5 MPH)
Batting: LHB Luis Carrasco 0-0: Ball
1-0: Ball
2-0: Ball
3-0: Called Strike
3-1: Base on Balls
Batting: RHB Cris Castro 0-0: Ball
1-0: Foul Ball, location: 2F
1-1: Foul Ball, location: 9LSF
1-2: Foul Ball, location: 2F
1-2: Ball
2-2: Ball
3-2: SINGLE (Line Drive, 6D, EV 103.1 MPH)
Luis Carrasco to second
Luis Carrasco to third
Batting: RHB Mende Dodwell 0-0: Ball
1-0: Ball
2-0: Ball
3-0: Base on Balls
Cris Castro to second
Batting: RHB Edwin Jackson 0-0: Swinging Strike
0-1: Ball
1-1: Called Strike
1-2: SINGLE (Groundball, 4MD, EV 101.9 MPH)
Luis Carrasco scores
Cris Castro to third
Mende Dodwell to second
Runner from 3rd tries for Home, SAFE, throw by CF to home
Batting: SHB Bernardo Fernández 0-0: Foul Ball, location: 7LDF
0-1: Swinging Strike
0-2: Foul Ball, location: 2F
0-2: Ball
1-2: Strikes out swinging
Bottom of the 2nd over - 2 runs, 2 hits, 0 errors, 2 left on base; Corpus Christi 0 - Springfield 4
TOP OF THE 3RD
Corpus Christi Hooks batting - Pitching for Springfield Cardinals : RHP Jon Whaley
Batting: RHB Jesús Gonzáles 0-0: SINGLE (Line Drive, 78S, EV 87.5 MPH)
Batting: RHB Leo Bare 0-0: Ball
1-0: Ball
2-0: Ball
3-0: Called Strike
3-1: Fly out, F8 (Flyball, 8RXD, EV 105.0 MPH)
Batting: RHB Robinson Sandoval 0-0: Ball
1-0: Fly out, F7 (Line Drive, 78S, EV 98.8 MPH)
Batting: RHB Dave King 0-0: Ball
1-0: Called Strike
1-1: Foul Ball, location: 3SF
1-2: DOUBLE (Flyball, 9LD, EV 111.3 MPH)
Jesús Gonzáles to third
Runner from 3rd tries for Home, throw by RF and OUT! 9-4-2
Top of the 3rd over - 0 runs, 2 hits, 0 errors, 1 left on base; Corpus Christi 0 - Springfield 4
BOTTOM OF THE 3RD
Springfield Cardinals batting - Pitching for Corpus Christi Hooks : RHP Mario Alaniz
Batting: RHB Josh Ellis 0-0: Ground out U3 (Groundball, 34, EV 101.3 MPH)
Batting: RHB Ronnie Watson 0-0: SINGLE (Line Drive, 89M, EV 98.8 MPH)
Batting: LHB Jorge Martínez 0-0: Foul Ball, location: 2F
0-1: Foul Ball, location: 25FF
0-2: Ball
1-2: SINGLE (Groundball, 4, EV 92.5 MPH) (infield hit)
Ronnie Watson to second
Batting: RHB Mike Lee 0-0: Foul Ball, location: 2F
0-1: SINGLE (Groundball, 34D, EV 103.8 MPH)
Ronnie Watson to third
Jorge Martínez to second
Batting: LHB Luis Carrasco 0-0: Ball
1-0: Fly out, F8 (Flyball, 89M, EV 86.3 MPH)
Runner from 3rd tags up, SCORES, throw by CF
Jorge Martínez to third
Batting: RHB Cris Castro 0-0: Ball
1-0: Foul Ball, location: 2F
1-1: Ball
2-1: Called Strike
2-2: Ball
3-2: Foul Ball, location: 5F
3-2: Foul Ball, location: 2F
3-2: Ground out 5-3 (Groundball, 56, EV 105.6 MPH)
Bottom of the 3rd over - 1 run, 3 hits, 0 errors, 2 left on base; Corpus Christi 0 - Springfield 5
TOP OF THE 4TH
Corpus Christi Hooks batting - Pitching for Springfield Cardinals : RHP Jon Whaley
Batting: RHB Jerry Herring 0-0: Ball
1-0: Foul Ball, location: 23F
1-1: Foul Ball, location: 9LDF
1-2: Foul Ball, location: 3DF
1-2: Ball
2-2: Ball
3-2: Base on Balls
Batting: SHB Ismael Gonzáles 0-0: Fly out, F6 (Popup, 6MS, EV 63.8 MPH)
Batting: RHB Jorge Guzmán 0-0: Foul Ball, location: 9LSF
0-1: Foul Ball, location: 7LSF
0-2: Foul Ball, location: 9LSF
0-2: Ball
1-2: Ball
2-2: SINGLE (Groundball, 3D, EV 101.3 MPH)
Jerry Herring to second
Runner from 2nd tries for 3rd, SAFE, throw by RF made to third
Batting: LHB Cliff Hammock 0-0: Foul Ball, location: 3F
0-1: Foul Ball, location: 5FF
0-2: Ball
1-2: Grounds into double play, 4-6-3 (Groundball, 4, EV 90.6 MPH)
Top of the 4th over - 0 runs, 1 hit, 0 errors, 1 left on base; Corpus Christi 0 - Springfield 5
BOTTOM OF THE 4TH
Springfield Cardinals batting - Pitching for Corpus Christi Hooks : RHP Mario Alaniz
Batting: RHB Mende Dodwell 0-0: Ball
1-0: Called Strike
1-1: Foul Ball, location: 23FF
1-2: Ball
2-2: SINGLE (Groundball, 15S, EV 68.8 MPH) (infield hit)
Pitching: RHP Zach Johnston
Batting: RHB Edwin Jackson 0-0: Ball
1-0: Ball
2-0: Called Strike
2-1: Called Strike
2-2: Ball
3-2: Foul Ball, location: 25FF
3-2: Base on Balls
Mende Dodwell to second
Batting: SHB Bernardo Fernández 0-0: Ground out 6-3 (Groundball, 6MS, EV 90.0 MPH)
Mende Dodwell to third
Edwin Jackson to second
Batting: RHB Josh Ellis 0-0: Foul Ball, location: 23F
0-1: Called Strike
0-2: Ball
1-2: Ball
2-2: Foul Ball, location: 5FF
2-2: Strikes out swinging
Batting: RHB Ronnie Watson 0-0: Ball
1-0: Ball
2-0: Ball
3-0: Base on Balls
Batting: LHB Jorge Martínez 0-0: Ball
1-0: Ball
2-0: Called Strike
2-1: Called Strike
2-2: Foul Ball, location: 7LMF
2-2: Foul Ball, location: 2RF
2-2: Foul Ball, location: 7LMF
2-2: Ball
3-2: Foul Ball, location: 3SF
3-2: Base on Balls
Mende Dodwell scores
Edwin Jackson to third
Ronnie Watson to second
Batting: RHB Mike Lee 0-0: SINGLE (Groundball, 6MD, EV 105.0 MPH)
Edwin Jackson scores
Ronnie Watson to third
Jorge Martínez to second
Runner from 3rd tries for Home, SAFE, throw by CF to home
Batting: LHB Luis Carrasco 0-0: Ball
1-0: Ball
2-0: Ball
3-0: Base on Balls
Jorge Martínez to third
Mike Lee to second
Batting: RHB Cris Castro 0-0: Ball
1-0: Fly out, F8 (Flyball, 8RD, EV 106.3 MPH)
Bottom of the 4th over - 3 runs, 2 hits, 0 errors, 3 left on base; Corpus Christi 0 - Springfield 8
TOP OF THE 5TH
Corpus Christi Hooks batting - Pitching for Springfield Cardinals : RHP Jon Whaley
Batting: RHB Tony Hernández 0-0: Foul Ball, location: 9LSF
0-1: Ball
1-1: Foul Ball, location: 5F
1-2: Ball
2-2: Foul Ball, location: 25FF
2-2: Ground out 5-3 (Groundball, 5S, EV 84.4 MPH)
Batting: RHB Jesús Gonzáles 0-0: Called Strike
0-1: Fly out, F8 (Flyball, 89D, EV 103.8 MPH)
Batting: RHB Leo Bare 0-0: Foul Ball, location: 2F
0-1: Ball
1-1: Ball
2-1: Fly out, F7 (Line Drive, 7D, EV 96.9 MPH)
Top of the 5th over - 0 runs, 0 hits, 0 errors, 0 left on base; Corpus Christi 0 - Springfield 8
BOTTOM OF THE 5TH
Springfield Cardinals batting - Pitching for Corpus Christi Hooks : RHP Zach Johnston
Batting: RHB Mende Dodwell 0-0: Called Strike
0-1: SINGLE (Groundball, 3D, EV 101.9 MPH)
Batting: RHB Edwin Jackson 0-0: Ball
1-0: Grounds into double play, 5-4-3 (Groundball, 56, EV 76.9 MPH)
Batting: SHB Bernardo Fernández 0-0: Ball
1-0: Hit by Pitch
Batting: RHB Josh Ellis 0-0: Ball
1-0: Ball
2-0: Ball
3-0: Fielders Choice at 2nd, 5-4 (Groundball, 5, EV 93.1 MPH)
Bottom of the 5th over - 0 runs, 1 hit, 0 errors, 1 left on base; Corpus Christi 0 - Springfield 8
TOP OF THE 6TH
Corpus Christi Hooks batting - Pitching for Springfield Cardinals : RHP Jon Whaley
Batting: RHB Robinson Sandoval 0-0: Called Strike
0-1: Ball
1-1: Swinging Strike
1-2: Ball
2-2: Strikes out swinging
Batting: RHB Dave King 0-0: Called Strike
0-1: Foul Ball, location: 2F
0-2: Strikes out looking
Batting: RHB Jerry Herring 0-0: Ball
1-0: Ground out 5-3 (Groundball, 56S, EV 76.9 MPH)
Top of the 6th over - 0 runs, 0 hits, 0 errors, 0 left on base; Corpus Christi 0 - Springfield 8
BOTTOM OF THE 6TH
Springfield Cardinals batting - Pitching for Corpus Christi Hooks : RHP Zach Johnston
Batting: RHB Ronnie Watson 0-0: Ball
1-0: Called Strike
1-1: Swinging Strike
1-2: Strikes out looking
Batting: LHB Jorge Martínez 0-0: Ball
1-0: Ball
2-0: Ground out 4-3 (Groundball, 4, EV 105.0 MPH)
Batting: RHB Mike Lee 0-0: SINGLE (Groundball, 34D, EV 105.0 MPH)
Batting: LHB Luis Carrasco 0-0: Ball
1-0: Ball
2-0: Ball
3-0: Called Strike
3-1: Foul Ball, location: 7LSF
3-2: Base on Balls
Mike Lee to second
Batting: RHB Cris Castro 0-0: Called Strike
0-1: Ball
1-1: Ball
2-1: Swinging Strike
2-2: Ball
3-2: Base on Balls
Mike Lee to third
Luis Carrasco to second
Batting: RHB Mende Dodwell 0-0: Called Strike
0-1: Ball
1-1: DOUBLE (Line Drive, 89M, EV 88.1 MPH)
Mike Lee scores
Luis Carrasco scores
Cris Castro to third
Runner from 3rd tries for Home, SAFE, no throw by RF
Batting: RHB Edwin Jackson 0-0: Ball
1-0: Foul Ball, location: 5DF
1-1: Foul Ball, location: 2F
1-2: Ball
2-2: Foul Ball, location: 3DF
2-2: Ball
3-2: Ground out 6-3 (Groundball, 6, EV 102.5 MPH)
Bottom of the 6th over - 3 runs, 2 hits, 0 errors, 1 left on base; Corpus Christi 0 - Springfield 11
TOP OF THE 7TH
Corpus Christi Hooks batting - Pitching for Springfield Cardinals : RHP Jon Whaley
Pinch Hitting: RHB Jon Miner 0-0: Ball
1-0: Ball
2-0: Ball
3-0: Called Strike
3-1: Called Strike
3-2: Fly out, F9 (Flyball, 9, EV 93.8 MPH)
Pinch Hitting: RHB Eric Durán 0-0: Hit by Pitch
Pinch Hitting: LHB Héctor Quiñones 0-0: Called Strike
0-1: Ball
1-1: Ball
2-1: Ball
3-1: Called Strike
3-2: Grounds into double play, 4-6-3 (Groundball, 4, EV 86.9 MPH)
Top of the 7th over - 0 runs, 0 hits, 0 errors, 0 left on base; Corpus Christi 0 - Springfield 11
BOTTOM OF THE 7TH
Springfield Cardinals batting - Pitching for Corpus Christi Hooks : RHP Zach Johnston
Now at 1B: Héctor Quiñones
Now at 2B: Eric Durán
Now in RF: Jon Miner
Batting: SHB Bernardo Fernández 0-0: Ball
1-0: Ball
2-0: Called Strike
2-1: Called Strike
2-2: Ball
3-2: SOLO HOME RUN (Flyball, 7D, EV 99.4 MPH), Distance : 387 ft
Pitching: RHP Johnny Burke
Pinch Hitting: LHB Héctor González 0-0: Ball
1-0: Ball
2-0: Foul Ball, location: 2F
2-1: Ball
3-1: Foul Ball, location: 2RF
3-2: SINGLE (Groundball, P, EV 84.4 MPH) (infield hit)
Batting: RHB Ronnie Watson 0-0: Ball
1-0: Swinging Strike
1-1: SINGLE (Line Drive, 56D, EV 102.5 MPH)
Héctor González to second
Batting: LHB Jorge Martínez 0-0: Ball
1-0: SINGLE (Groundball, 34D, EV 103.8 MPH)
Héctor González to third
Ronnie Watson to second
Pinch Hitting: RHB Ed Chambers 0-0: Fly out, F8 (Line Drive, 8RM, EV 90.0 MPH)
Batting: LHB Luis Carrasco 0-0: Ball
1-0: Foul Ball, location: 5FF
1-1: Called Strike
1-2: Fly out, F4 (Popup, 34, EV 57.5 MPH)
Batting: RHB Cris Castro 0-0: Swinging Strike
0-1: Fielders Choice at 2nd, 6-4 (Groundball, 6, EV 85.0 MPH)
Bottom of the 7th over - 1 run, 4 hits, 0 errors, 3 left on base; Corpus Christi 0 - Springfield 12
TOP OF THE 8TH
Corpus Christi Hooks batting - Pitching for Springfield Cardinals : RHP Jon Whaley
Now at 3B: Ed Chambers
Now in RF: Héctor González
Pinch Hitting: SHB Al Evans 0-0: Called Strike
0-1: Ball
1-1: Ball
2-1: Ground out 4-3 (Groundball, 4, EV 82.5 MPH)
Batting: RHB Jesús Gonzáles 0-0: SOLO HOME RUN (Flyball, 7D, EV 96.3 MPH), Distance : 379 ft
Pinch Hitting: SHB Pjotr de Zeeuw 0-0: Ball
1-0: Ball
2-0: Called Strike
2-1: Swinging Strike
2-2: Ball
3-2: Strikes out swinging
Batting: RHB Robinson Sandoval 0-0: Hit by Pitch
Batting: RHB Dave King 0-0: Called Strike
0-1: Swinging Strike
0-2: Ball
1-2: Foul Ball, location: 25FF
1-2: Ball
2-2: Strikes out swinging
Top of the 8th over - 1 run, 1 hit, 0 errors, 1 left on base; Corpus Christi 1 - Springfield 12
BOTTOM OF THE 8TH
Springfield Cardinals batting - Pitching for Corpus Christi Hooks : RHP Johnny Burke
Now at 3B: Al Evans
Now in CF: Pjotr de Zeeuw
Batting: RHB Mende Dodwell 0-0: Ball
1-0: Ball
2-0: Foul Ball, location: 5DF
2-1: Ball
3-1: Foul Ball, location: 23F
3-2: Foul Ball, location: 3DF
3-2: Foul Ball, location: 2F
3-2: SINGLE (Groundball, 6MD, EV 95.6 MPH)
Batting: RHB Edwin Jackson 0-0: Foul Ball, location: 5F
0-1: Called Strike
0-2: Ball
1-2: Grounds into double play, 6-4-3 (Groundball, 6, EV 95.0 MPH)
Batting: SHB Bernardo Fernández 0-0: Ball
1-0: Foul Ball, location: 3FF
1-1: Ball
2-1: Foul Ball, location: 7LMF
2-2: Ball
3-2: SINGLE (Line Drive, 89S, EV 98.1 MPH)
Batting: LHB Héctor González 0-0: Ball
1-0: Ball
2-0: Ball
3-0: Called Strike
3-1: Called Strike
3-2: SINGLE (Line Drive, 78M, EV 96.3 MPH)
Bernardo Fernández to second
Bernardo Fernández to third
Batting: RHB Ronnie Watson 0-0: Called Strike
0-1: Hit by Pitch
Héctor González to second
Batting: LHB Jorge Martínez 0-0: Foul Ball, location: 9LMF
0-1: Foul Ball, location: 23F
0-2: Ball
1-2: Foul Ball, location: 7LDF
1-2: Ball
2-2: Ball
3-2: Strikes out swinging
Bottom of the 8th over - 0 runs, 3 hits, 0 errors, 3 left on base; Corpus Christi 1 - Springfield 12
TOP OF THE 9TH
Corpus Christi Hooks batting - Pitching for Springfield Cardinals : RHP Jon Whaley
Pitching: RHP Jorge Núñez
Batting: RHB Jerry Herring 0-0: Ball
1-0: DOUBLE (Line Drive, 78M, EV 86.9 MPH)
Batting: RHB Jon Miner 0-0: Called Strike
0-1: Ball
1-1: Ball
2-1: Called Strike
2-2: Ground out 6-3 (Groundball, 6, EV 98.8 MPH)
Pinch Hitting: LHB Darren Gray 0-0: Ground out U3 (Groundball, 34, EV 82.5 MPH)
Jerry Herring to third
Pinch Hitting: LHB Josh Brown 0-0: Called Strike
0-1: Ball
1-1: DOUBLE (Flyball, 78XD, EV 106.3 MPH)
Jerry Herring scores
Batting: SHB Al Evans 0-0: Called Strike
0-1: Called Strike
0-2: Ground out U3 (Groundball, 34S, EV 82.5 MPH)
Top of the 9th over - 1 run, 2 hits, 0 errors, 1 left on base; Corpus Christi 2 - Springfield 12
Wednesday, May 1st , 2024 - OOTP Baseball 24.10 Build 82